 Dungeon Crawl Stone Soup version 0.17-a0-2231-gd80ca38 (webtiles) character file.

11 ololoev the Cudgeler (level 2, -3/18 HPs)
             Began as a Gargoyle Gladiator on Oct 29, 2015.
             Killed from afar by an orc wizard (10 damage)
             ... with a puff of frost
             ... on level 3 of the Dungeon.
             The game lasted 00:01:03 (182 turns).

ololoev the Cudgeler (Gargoyle Gladiator)            Turns: 182, Time: 00:01:04

Health: -3/18      AC:  6    Str: 18    XL:     2   Next: 29%
Magic:  2/2        EV: 12    Int:  8    God:
Gold:   17         SH:  0    Dex: 10    Spells: 0 memorised, 1 level left

rFire  . . .     SeeInvis .     a - +0 flail
rCold  . . .     Clarity  .     b - +0 leather armour
rNeg   + . .     SustAt   .     (no shield)
rPois  ∞         Gourm    .     m - +0 helmet
rElec  +         Spirit   .     (no cloak)
rCorr  .         Warding  .     (no gloves)
rMut   .         Stasis   .     (no boots)
MR     .....                    (no amulet)
Stlth  +.........               (no ring)
                                (no ring)

@: not resistant to hostile enchantments, very unstealthy
A: negative energy resistance 1, electricity resistance, unbreathing,
petrification resistance, rot immunity, AC +2
a: no special abilities


Innate Abilities, Weirdness & Mutations

You are resistant to torment.
Your stone body is resilient (AC +2).
You are immune to poison.
You resist negative energy.
You are resistant to electric shocks.
You can survive without breathing.
You are immune to petrification.
You are immune to rotting.

Inventory:

Hand Weapons
 a - a +0 flail (weapon)
Missiles
 d - 3 throwing nets (quivered)
Armour
 b - a +0 leather armour (worn)
 c - a +0 helmet
 m - a +0 helmet (worn)
 o - a +0 ring mail
Scrolls
 f - a scroll of immolation {unknown}
 g - a scroll of recharging {unknown}
 i - a scroll of fog {unknown}
 j - a scroll of blinking {unknown}
 n - a scroll of enchant armour {unknown}
Potions
 h - a potion of mutation {unknown}
 k - a potion of agility {unknown}
Comestibles
 e - 3 bread rations
 l - a beef jerky


   Skills:
 + Level 2.4 Fighting
 * Level 3.3 Maces & Flails
 - Level 1.7 Throwing
 + Level 0.9 Armour
 - Level 2.4 Dodging


You had one spell level left.
You didn't know any spells.


You were on level 3 of the Dungeon.
You were not hungry.

You visited 1 branch of the dungeon, and saw 3 of its levels.

You collected 17 gold pieces.

#.# #.# #...# .# #<###.#
#...# ###.. #.#.#.#
#...##..... #..#..#
#####.........#
#.#...###...........#).
.......#...[..............#
..#####..####...........#..
##.# ###.#...#...... #.#
#@#.......... #.#
#{#...#.####. #.# #o#...#.#
#.# #.##.##.# #.).....#
#.##o#..# #.##)#..# #.##o#
.# #..... ..

Notes
Turn   | Place    | Note
--------------------------------------------------------------
     0 | D:1      | ololoev the Gargoyle Gladiator began the quest for the Orb.
     0 | D:1      | Reached XP level 1. HP: 12/12 MP: 1/1
   164 | D:3      | Noticed an orc wizard
   166 | D:3      | Reached XP level 2. HP: 18/18 MP: 2/2
   182 | D:3      | Killed from afar by an orc wizard

Dungeon Overview and Level Annotations

Branches:
Dungeon (3/15)

Altars:


Message History

The orc hits you but does no damage.
The orc wizard gestures wildly while chanting.
The orc wizard flickers and vanishes!
Deactivating autopickup; reactivate with Ctrl-A.
You sock the orc!
The orc is severely wounded.
The hobgoblin misses you. The orc closely misses you.
You closely miss the orc.
The orc is severely wounded.
The orc hits you with a trident. The hobgoblin barely misses you.
You sock the orc!
You kill the orc!
The hobgoblin hits you with a club.
Things that are here:
a trident; 4 tomahawks Autopickup is now on.
You hit the hobgoblin.
You kill the hobgoblin!
Deactivating autopickup; reactivate with Ctrl-A.
You miss something. Something hits you but does no damage.
Something hits you but does no damage.
You sock something!
You hear some strange, mumbled words.
A magic dart appears from out of thin air!
The magic dart hits you!
You closely miss something. Something hits you but does no damage.
Something hits you but does no damage.
You closely miss something. Something hits you but does no damage.
You hear some strange, mumbled words.
A puff of frost appears from out of thin air!
The puff of frost hits you!
You are too injured to fight recklessly!
You are too injured to fight recklessly!
You are too injured to fight recklessly!
You barely miss something.
You hear some strange, mumbled words.
A puff of frost appears from out of thin air!
The puff of frost hits you!
Ouch! That really hurt!
You die...

You could see an orc.

Vanquished Creatures
  3 orcs (D:3)
  A hobgoblin (D:3)
  3 kobolds
  2 rats
9 creatures vanquished.

Action                   || total
-------------------------++-------
Melee: Flail             ||    25

Vault maps used:
D:1:      lightli_arrival_isolated_outpost, feat_on_display
D:2:      nicolae_ru_sacrificial_ziggurat
D:3:      first_bread
